 Dungeon Crawl Stone Soup version 0.25-a0-697-g890751e744 (webtiles) character file.

Game seed: 16854920265373724927, levelgen mode: deterministic

1630 Alarkh the Carver (level 8, -1/58 HPs)
             Began as a Demonspawn Fighter on Mar 31, 2020.
             Was a Follower of Okawaru.
             Slain by Blork the orc
             ... wielding a +0 short sword
              (3 damage)
             ... on level 6 of the Dungeon.
             The game lasted 00:08:04 (5305 turns).

Alarkh the Carver (Demonspawn Fighter)              Turns: 5305, Time: 00:08:05

Health: -1/58      AC:  5    Str: 17    XL:     8   Next: 65%
Magic:  8/8        EV:  8    Int:  9    God:    Okawaru [*.....]
Gold:   275        SH:  8    Dex: 10    Spells: 7/7 levels left

rFire    . . .     SeeInvis .   a - +0 long sword
rCold    + . .     Gourm    .   c - +0 kite shield
rNeg     . . .     Faith    +   g - +0 robe of Chimes {rElec Regen+ Int-3 Dex-2}
rPois    .         Spirit   .   (no helmet)
rElec    +         Reflect  .   (no cloak)
rCorr    .         Harm     .   r - +1 pair of gloves
MR       +....                  q - +0 pair of boots
Stlth    +.........             l - amulet of faith
HPRegen  0.59/turn              i - ring of protection from cold
MPRegen  0.11/turn              x - ring of protection from magic

@: mighty, stab, mesmerised
A: powered by pain 1
a: Heroism, Renounce Religion


You were on level 6 of the Dungeon.
You worshipped Okawaru.
Okawaru was aware of your devotion.
You were hungry.

You visited 1 branch of the dungeon, and saw 6 of its levels.

You collected 275 gold pieces.

Inventory:

Hand Weapons
 a - a +0 long sword (weapon)
Armour
 b - a +0 scale mail
 c - a +0 kite shield (worn)
 g - the +0 robe of Chimes (worn) {rElec Regen+ Int-3 Dex-2}
   (You found it on level 4 of the Dungeon)

   It affects your intelligence (-3).
   It affects your dexterity (-2).
   It insulates you from electricity.
   It increases your rate of regeneration.
 q - a +0 pair of boots (worn)
 r - a +1 pair of gloves (worn)
Jewellery
 i - a ring of protection from cold (left hand)
 l - an amulet of faith (around neck)
 s - an uncursed amulet of the gourmand {unknown}
 x - a ring of protection from magic (right hand)
Wands
 e - a wand of iceblast (17)
 w - a wand of disintegration (15)
Scrolls
 d - 2 scrolls of enchant weapon {unknown}
 h - 2 scrolls of remove curse
 j - a scroll of random uselessness {unknown}
 k - 8 scrolls of teleportation
 m - a scroll of magic mapping {unknown}
 n - a scroll of noise {unknown}
 o - 3 scrolls of identify {unknown}
 p - a scroll of blinking {unknown}
 u - a scroll of fear {unknown}
 y - a scroll of summoning {unknown}
 A - a scroll of enchant armour {unknown}
Potions
 t - a potion of degeneration
 v - a potion of brilliance
 z - a potion of stabbing
Comestibles
 f - 14 rations


   Skills:
 - Level 3.0 Fighting
 + Level 10.2 Long Blades
 - Level 2.6 Armour
 - Level 2.6 Shields


You had 7 spell levels left.
You didn't know any spells.
Your spell library contained the following spells:

 Spells                   Type           Power        Failure   Level  Hunger
 Freeze                   Ice            #...         89%         1    ##.....
 Frozen Ramparts          Ice            #.....       99%         3    ####...
 Ozocubu's Armour         Chrm/Ice       #.......     99%         3    ####...
 Hailstorm                Conj/Ice       #.......     100%        4    #####..
 Summon Ice Beast         Ice/Summ       #.......     100%        4    #####..


Dungeon Overview and Level Annotations

Branches:
Dungeon (6/15)
 Temple: D:4-7

Altars:
Gozag
Nemelex Xobeh
Okawaru
Qazlal
Trog
Xom
Yredelemnul

Annotations:
D:6 Blork the orc, Maggie


Innate Abilities, Weirdness & Mutations

You sometimes gain a little power by taking damage.


Message History

Blork the orc is lightly wounded.
The jackal skeleton bites you.
Blork the orc hits you with a +0 short sword.
Maggie casts a spell at you. The bolt of fire hits you!!
* * * LOW HITPOINT WARNING * * *
You focus on the pain.
You feel very mighty all of a sudden.
You slash Blork the orc!
Blork the orc is heavily wounded.
The jackal skeleton bites you.
* * * LOW HITPOINT WARNING * * *
Blork the orc barely misses you. You block the jackal skeleton's attack.
You block Maggie's attack.
You barely miss Blork the orc.
Blork the orc is heavily wounded.
You block Blork the orc's attack.
The jackal skeleton bites you but does no damage.
Blork the orc hits you with a +0 short sword.
You die...

..#....###.....
#...........##.# ##.#..
#.........## #.# ##.#..
#.........###..###..#..
#.........#.".###..##..
#...........## #..####.
##..........#####.## ##
#.....o...[# #....# ##.
#.....@@.!.###.#### #..
#.....Z........#######..
#.....!?.#..####[.......
#.................###.##
#......#....### #.#
#........#... #.###'##
#............. #...'_##
#.............$#..###'##
............. #.#


You could see Maggie, Blork the orc and a jackal skeleton.

Vanquished Creatures
  A water moccasin (D:6)
  A sky beast (D:5)
  A centaur (D:5)
  A phantom (D:5)
  2 ogres
  2 bullfrogs (D:6)
  2 scorpions (D:5)
  A howler monkey (D:5)
  2 crimson imps
  5 orc wizards
  3 orc priests
  2 bullfrog skeletons
  A hound (D:4)
  A centaur skeleton (D:5)
  Natasha (thrice) (D:2)
  3 iguanas
  A worker ant (D:4)
  9 adders
  A shadow imp (D:6)
  2 oozes
  5 worms
  4 leopard geckos
  21 orcs
  4 ball pythons
  6 giant cockroaches
  11 goblins
  9 hobgoblins
  7 jackals
  A quokka (D:3)
  13 bats
  7 frilled lizards
  2 jackal skeletons
  10 kobolds
  A leopard gecko skeleton (D:3)
  A quokka skeleton (D:4)
  A quokka zombie (D:5)
  9 rats
156 creatures vanquished.

Notes
Turn   | Place    | Note
-------+----------+-------------------------------------------
     0 | D:1      | Alarkh the Demonspawn Fighter began the quest for the Orb.
     0 | D:1      | Reached XP level 1. HP: 18/18 MP: 1/1
    21 | D:1      | Reached skill level 2 in Long Blades
   107 | D:1      | Gained mutation: You sometimes gain a little power by
                  | taking damage. [demonic ancestry]
   107 | D:1      | Reached XP level 2. HP: 22/24 MP: 2/2
   247 | D:1      | Reached skill level 3 in Long Blades
   281 | D:1      | Reached XP level 3. HP: 26/29 MP: 3/3
  1242 | D:2      | Reached skill level 4 in Long Blades
  1242 | D:2      | Reached XP level 4. HP: 33/35 MP: 4/4
  1250 | D:2      | Noticed Natasha
  1260 | D:2      | Killed Natasha
  1349 | D:2      | Found a bloodstained altar of Trog,
  1380 | D:2      | Noticed Natasha
  1402 | D:2      | Killed Natasha
  1474 | D:2      | Reached XP level 5. HP: 23/41 MP: 5/5
  1563 | D:2      | Noticed Natasha
  1573 | D:2      | Killed Natasha
  1573 | D:2      | Reached skill level 5 in Long Blades
  1708 | D:2      | Found a faded altar of an unknown god,
  1835 | D:2      | Found a basalt altar of Yredelemnul,
  1863 | D:2      | Found an opulent altar of Gozag,
  1900 | D:2      | Found a stormy altar of Qazlal,
  2756 | D:3      | Reached XP level 6. HP: 33/47 MP: 6/6
  3096 | D:3      | Reached skill level 6 in Long Blades
  3436 | D:4      | Got a tattered robe
  3461 | D:3      | Identified the cursed +0 robe of Chimes {rElec Regen+ Int-3
                  | Dex-2} (You found it on level 4 of the Dungeon)
  3580 | D:4      | Reached skill level 7 in Long Blades
  3600 | D:4      | Reached XP level 7. HP: 42/52 MP: 7/7
  3965 | D:5      | Entered Level 5 of the Dungeon
  4090 | D:5      | Reached skill level 8 in Long Blades
  4101 | D:5      | HP: 1/52 [orc wizard/+0 dagger (3)]
  4599 | D:5      | Found an iron altar of Okawaru,
  4607 | D:5      | Became a worshipper of Warmaster Okawaru
  4644 | D:5      | Reached XP level 8. HP: 33/58 MP: 8/8
  4685 | D:5      | Reached skill level 9 in Long Blades
  4723 | D:5      | Found a sparkling altar of Nemelex Xobeh,
  5104 | D:6      | Found a shimmering altar of Xom,
  5121 | D:6      | Reached * piety under Okawaru
  5121 | D:6      | Reached skill level 10 in Long Blades
  5288 | D:6      | Noticed Maggie
  5289 | D:6      | Noticed Blork the orc
  5303 | D:6      | HP: 2/58 [Maggie/bolt of fire (25)]
  5305 | D:6      | Slain by Blork the orc

Levels and vault maps discovered:
D:1:      onia_arrival_larder, layout_basic
D:2:      layout_loops_cross, nicolae_overflow_hidden_temple,
          overflow_temple_1_default, lemuel_coloured_pillars_altar,
          lemuel_crystal_altar, serial_forest, infiniplex_forest_clump_double,
          infiniplex_forest_clump_tiny, infiniplex_forest_lined_room_3,
          infiniplex_forest_lined_1, infiniplex_forest_clump_long,
          infiniplex_forest_lined_ring, infiniplex_forest_corner_2,
          infiniplex_forest_end_1, chequers_ecumenical_altar_lobes, uniq_natasha
D:3:      layout_loops_ring, solitary_fountain
D:4:      layout_rooms, first_ration
D:5:      minmay_razor_zed, layout_loops_cross,
          nemelex_xobeh_ov_fountains_minmay, kennysheep_okawaru_gauntlet
D:6:      layout_rooms, lemuel_doored_altar, minmay_temple_entry_hall,
          kennysheep_small_circle, uniq_maggie, uniq_blork_the_orc

Skill      XL: |  1  2  3  4  5  6  7  8 |
---------------+-------------------------+-----
Long Blades    | 2 3 4 5 7 8 10 | 10.2
Fighting       | |  3.0
Armour         | |  2.6
Shields        | |  2.6

Action                   |  1- 3 |  4- 6 |  7- 9 || total
-------------------------+-------+-------+-------++-------
Melee: Long sword        |   155 |   263 |   266 ||   684
  Use: Potion            |     4 |     6 |     5 ||    15
       Scroll            |       |     3 |       ||     3
  Eat: Chunk             |     1 |     9 |     5 ||    15
Armor: Scale mail        |    79 |    91 |       ||   170
       Robe              |       |     9 |    55 ||    64
Dodge: Dodged            |    38 |    69 |    93 ||   200
Block: Kite shield       |    86 |   126 |   109 ||   321
       Rpst.: Long sword |    10 |    21 |    20 ||    51

Table legend:
 A = Non-vault XP
 B = Vault XP
 C = Vault XP percentage of total XP
 D = Non-vault monster count
 E = Vault monster count
 F = Vault count percentage of total count
                 A         B        C        D         E       F
            +---------+---------+-------+---------+---------+-------
      Total |    1773 |     556 |  23.9 |     138 |      18 |  11.5
            +---------+---------+-------+---------+---------+-------
        D:1 |      46 |       8 |  14.8 |      28 |       7 |  20.0
        D:2 |     165 |      35 |  17.5 |      29 |       1 |   3.3
        D:3 |     265 |       0 |   0.0 |      38 |       0 |   0.0
        D:4 |     337 |       0 |   0.0 |      23 |       0 |   0.0
        D:5 |     634 |     245 |  27.9 |      13 |       8 |  38.1
        D:6 |     326 |     268 |  45.1 |       7 |       2 |  22.2
            +---------+---------+-------+---------+---------+-------
